 Dungeon Crawl Stone Soup version 0.31-a0-1603-gbec6b6ccbf (webtiles) character file.

Game seed: 2728937574497113694

113 Laraso the Ruffian (level 4, -2/35 HPs)
             Began as a Draconian Shapeshifter on Jan 7, 2024.
             Slain by a gnoll
             ... wielding a +0 flail
              (11 damage)
             ... on level 3 of the Dungeon.
             The game lasted 00:02:10 (1864 turns).

Laraso the Ruffian (Draconian Shapeshifter)         Turns: 1864, Time: 00:02:11

Health: -2/35      AC:  5    Str: 17    XL:     4   Next: 65%
Magic:  4/4        EV: 12    Int: 10    God:
Gold:   86         SH:  0    Dex: 12    Spells: 3/3 levels left

rFire   . .          .
                       - Unarmed
rCold   . . .        (no shield)
rNeg    . . .        (body armour unavailable)
rPois   .            (helmet currently unavailable)
rElec   .            (cloak currently unavailable)
rCorr   .            (gloves currently unavailable)
SInv    .            (boots currently unavailable)
Will    .....        (no amulet)
Stlth   +            (no ring)
HPRegen 0.25/turn    (no ring)
MPRegen 0.09/turn

%: no passive effects
@: beast-form
A: beast (slay +2), AC +5, unfitting armour, cold-blooded
a: Begin Untransformation


You were on level 3 of the Dungeon.
You were a hulking beast.
You visited 1 branch of the dungeon, and saw 3 of its levels.

You collected 86 gold pieces.

Inventory:

Talismans
 b - a beast talisman
 c - a flux talisman
Scrolls
 f - 2 scrolls of immolation
 g - a scroll of blinking
 h - a scroll of teleportation {unknown}
Potions
 a - a potion of lignification
 e - a potion of resistance {unknown}
 i - a potion of heal wounds {unknown}


   Skills:
 - Level 1.1 Fighting
 - Level 1.7 Dodging
 * Level 4.8 Unarmed Combat
 + Level 3.8 Shapeshifting


You had 3 spell levels left.
You didn't know any spells.
Your spell library contained the following spells:

 Spells                   Type           Power      Damage    Failure   Level
 Mercury Vapours          Alch/Air       0%         N/A       50%         2
 Mephitic Cloud           Conj/Alch/Air  0%         N/A       75%         3
 Freezing Cloud           Conj/Ice/Air   0%         6-21      100%        5


Dungeon Overview and Level Annotations

Branches:
Dungeon (3/15)

Altars:

Shops:
D:3 [

Annotations:
D:1 exclusion: kobold


Innate Abilities, Weirdness & Mutations

You are a hulking beast.
Your limbs bulge with bestial killing power. (Slay +2)
Your plain brown scales are hard. (AC +5)
You cannot fit into any form of body armour.
You are cold-blooded and may be slowed by cold attacks.


Message History

There is a stone staircase leading up here.
The gnoll barely misses you.
You climb upwards.
There is a stone staircase leading down here.
You hit the gnoll. You tail-slap the gnoll.
The gnoll is almost dead.
You punch the gnoll!
You kill the gnoll!
No target in view!
HP restored.
You climb downwards.
The gnoll barely misses you. The gnoll hits you but does no damage.
There is a stone staircase leading up here.
The gnoll shouts!
The gnoll closely misses you.
You hit the gnoll.
The gnoll is heavily wounded.
The gnoll barely misses you.
You hit the gnoll.
The gnoll is severely wounded.
The gnoll hits you with a +0 flail! The gnoll barely misses you.
You hit the gnoll.
The gnoll is almost dead.
The gnoll closely misses you. The gnoll misses you.
You punch the gnoll!
You kill the gnoll!
The gnoll hits you with a +0 flail.
You hit the gnoll but do no damage. You barely miss the gnoll.
The gnoll hits you with a +0 flail!
You are too injured to fight recklessly!
You are too injured to fight recklessly!
You are too injured to fight recklessly!
You closely miss the gnoll. You tail-slap the gnoll.
The gnoll is moderately wounded.
The gnoll hits you with a +0 flail.
* * * LOW HITPOINT WARNING * * *
You hit the gnoll. You tail-slap the gnoll.
The gnoll is almost dead.
The gnoll hits you with a +0 flail!
You die...

#####...# #.### #.###
#...# ##+## ###.#
##...## #.# ##.....##
###.# ##.......## ##.#.#
###.........####....#
..†.........'..g)...#
.##.........####h...####
.###..>....## #<........
.# ##.....## #.........
.# ##...## #<.##.###.#
.# ##'## #..##.# # .#
#.# #..# .# .# #†# #..#
.# #g# #... ## ... #.##


You could see a gnoll.

Vanquished Creatures
  3 gnolls
  5 adders
  A dart slug (D:1)
  5 ball pythons
  6 bats
  6 endoplasms
  3 goblins
  4 hobgoblins
  2 kobolds
  2 frilled lizards
37 creatures vanquished.

Notes
Turn   | Place    | Note
-------+----------+-------------------------------------------
     0 | D:1      | Laraso the Draconian Shapeshifter began the quest for the
                  | Orb.
     0 | D:1      | Reached XP level 1. HP: 16/16 MP: 1/1
   140 | D:1      | Reached XP level 2. HP: 23/23 MP: 2/2
   893 | D:2      | Reached XP level 3. HP: 19/28 MP: 3/3
  1172 | D:2      | Reached skill level 4 in Unarmed Combat
  1491 | D:2      | Reached XP level 4. HP: 24/35 MP: 4/4
  1731 | D:3      | Found Hoatif's Antique Armour Boutique.
  1864 | D:3      | Slain by a gnoll

Illustrated notes

Levels and vault maps discovered:
D:1:      minmay_arrival_nine_rooms, layout_rooms,
          chequers_serial_rivers_micro_b
D:2:      minmay_chambers_of_ones, layout_loops_ring, kennysheep_generic_room_12
D:3:      minmay_goblin_kobold_castle, layout_loops_corners,
          mainiacjoe_overflow_catwalk, serial_shops, shop

Skill      XL: |  1  2  3 |
---------------+----------+-----
Unarmed Combat | 4 |  4.8
Fighting       | |  1.1
Dodging        | |  1.7
Shapeshifting  | |  3.8

Action                     |  1- 3 |  4- 6 || total
---------------------------+-------+-------++-------
  Melee: Unarmed           |    79 |    33 ||   112
         Tailslap          |     5 |     5 ||    10
         Punch             |     3 |     1 ||     4
    Use: Scroll            |       |     2 ||     2
   Stab: Sleeping          |     1 |       ||     1
 Armour: Skin              |    30 |    17 ||    47
  Dodge: Dodged            |    49 |    19 ||    68

Table legend: (Time is in decaauts)
 A = Elapsed time spent in this place.
 B = Non-inter-level travel time spent in this place.
 C = Inter-level travel time spent in this place.
 D = Time resting spent in this place.
 E = Time spent auto-exploring this place.
 F = Levels seen in this place.
 G = Mean time per level.
                   A        B        C        D        E       F      G
               +--------+--------+--------+--------+--------+-----+--------+
         Total |   1859 |   1766 |     93 |     98 |   1386 |   3 |  619.7 |
       Dungeon |   1859 |   1766 |     93 |     98 |   1386 |   3 |  619.7 |
               +--------+--------+--------+--------+--------+-----+--------+

Top non-repeatable levels by time:
     D:2: 911 daAuts
     D:1: 825 daAuts
     D:3: 123 daAuts
